 Dungeon Crawl Stone Soup version 0.31.0-12-g77e489cdc1 (webtiles) character file.

Game seed: 13033649303601696143

785 Killerpretzel the Changeling (level 7, -4/47 HPs)
             Began as an Octopode Shapeshifter on Mar 6, 2024.
             Slain by a killer bee (8 damage)
             ... on level 4 of the Dungeon.
             The game lasted 00:05:27 (4052 turns).

Killerpretzel the Changeling (OpSh)                 Turns: 4052, Time: 00:05:28

Health: -4/47      AC:  1    Str: 13    XL:     7   Next: 86%
Magic:  7/7        EV: 15    Int: 13    God:
Gold:   154        SH:  0    Dex: 19    Spells: 6/6 levels left

rFire   + .          .
                       - Unarmed
rCold   . . .        (no shield)
rNeg    . . .        (helmet currently unavailable)
rPois   .            k - amulet of the acrobat
rElec   .            f - +6 ring of dexterity
rCorr   .            h - ring of protection from fire
SInv    .            j - ring of flight
Will    .....        (no ring)
Stlth   +++          (no ring)
HPRegen 0.27/turn    (no ring)
MPRegen 0.10/turn    (no ring)
                     (no ring)

%: acrobat
@: lethally poisoned (-4 -> -15), beast-form, flying
A: beast (slay +3), almost no armour, amphibious, 8 rings, camouflage 1,
gelatinous body 1, (nimble swimmer 1), tentacles
a: Begin Untransformation


You were on level 4 of the Dungeon.
You were a hulking beast.
You visited 1 branch of the dungeon, and saw 5 of its levels.

You collected 154 gold pieces.

Inventory:

Missiles
 n - a throwing net (quivered)
Jewellery
 e - an amulet of magic regeneration
 f - a +6 ring of dexterity (left tentacle)
 h - a ring of protection from fire (right tentacle)
 j - a ring of flight (on tentacle)
 k - an amulet of the acrobat (around mantle)
 p - an amulet of guardian spirit
Talismans
 b - a beast talisman
 c - a flux talisman
Wands
 l - a wand of flame (35)
 o - a wand of digging (4)
Scrolls
 a - a scroll of identify
 d - 2 scrolls of blinking
Potions
 g - 2 potions of curing
 m - a potion of heal wounds {unknown}
 q - a potion of brilliance {unknown}
 s - a potion of degeneration {unknown}


   Skills:
 + Level 3.6 Fighting
 + Level 4.2 Dodging
 + Level 4.7 Unarmed Combat
 * Level 5.8 Shapeshifting


You had 6 spell levels left.
You didn't know any spells.
Your spell library contained the following spells:

 Spells                   Type           Power      Damage    Failure   Level
 Foxfire                  Conj/Fire      0%         2x1d4     30%         1
 Sting                    Conj/Alch      0%         1d3       30%         1
 Mercury Vapours          Alch/Air       0%         N/A       43%         2
 Olgreb's Toxic Radiance  Alch           0%         N/A       97%         4
 Sticky Flame             Fire/Alch      0%         2d4       97%         4
 Plasma Beam              Fire/Air       0%         2x1d10    100%        6
 Ignition                 Fire           0%         3d3       100%        8


Dungeon Overview and Level Annotations

Branches:
Dungeon (5/15)
 Temple: D:4-7

Altars:

Shops:
D:1 ![!   D:3 =


Innate Abilities, Weirdness & Mutations

You are a hulking beast.
Your limbs bulge with bestial killing power. (Slay +3)
You cannot wear most types of armour.
You are amphibious.
You can wear up to eight rings at the same time.
Your skin changes colour to match your surroundings (Stealth+).
Your rubbery body absorbs attacks. (AC +1, EV +1)
((You are camouflaged when in or above water. (Stealth+)))
You have tentacles for arms and can constrict up to eight enemies at once.


Message History

a +0 leather armour; a +0 whip; an orc corpse The orc wizard mumbles some strange words.
The orc wizard flickers and vanishes!
Deactivating autopickup; reactivate with Ctrl-A.
There is a stone staircase leading up here.
The orc closely misses you.
You fly upwards.
Reactivating autopickup.
There is a stone staircase leading down here.
You closely miss the killer bee. Your grab misses the killer bee.
The killer bee misses you. The orc hits you with a +0 hand axe.
The killer bee stings you!
You are too injured to fight recklessly!
You tentacle-slap the orc. You grab the orc.
The orc is severely wounded.
You constrict the orc, but do no damage.
The killer bee closely misses you. The orc hits you with a +0 hand axe.
The killer bee closely misses you.
You tentacle-slap the killer bee. Your grab misses the killer bee.
The killer bee is lightly wounded.
You constrict the orc.
You kill the orc!
The killer bee barely misses you. The killer bee completely misses you.
You bludgeon the killer bee! Your grab misses the killer bee.
The killer bee is almost dead.
The killer bee stings you!
You are poisoned.
The killer bee poisons you!
You barely miss the killer bee. Your grab misses the killer bee.
The killer bee is almost dead.
You feel sick. The killer bee closely misses you. The killer bee stings you!
* * * LOW HITPOINT WARNING * * *
You are lethally poisoned!
The killer bee poisons you!
You barely miss the killer bee. Your grab misses the killer bee.
The killer bee is almost dead.
* * * LOW HITPOINT WARNING * * *
You feel very sick. The killer bee stings you!
You die...

~~....#
#..†..#
~###.####
#.....#
~###.##.##
#####.#
~..#.....#
#.....#
~~.#.....#
#....##
≈~.#.....##
#.....#
≈~###+#...#
#####'##
≈~~.....###
#...)..#
≈≈~.....#
#...h..#
≈≈~~....#
#....y.#
~≈≈~....#
#......#
~≈≈~....#
#......#
~~~~....###
#......###
#####.....#
###......#
#.....#
#......#
#.....#
#......#
#.....#
#......#


You could see a killer bee.

Vanquished Creatures
  Sigmund (D:5)
  Duvessa (D:5)
  An ogre (D:5)
  2 scorpions
  Dowan (D:5)
  A hound (D:5)
  A sleepcap (D:5)
  An iguana (D:4)
  2 orc wizards
  3 adders
  A gnoll (D:1)
  A dart slug (D:2)
  2 ribbon worms
  9 orcs
  10 endoplasms
  2 giant cockroaches
  7 goblins
  11 hobgoblins
  7 ball pythons
  6 bats
  6 frilled lizards
  8 kobolds
  6 rats
90 creatures vanquished.

Notes
Turn   | Place    | Note
-------+----------+-------------------------------------------
     0 | D:1      | Killerpretzel the Octopode Shapeshifter began the quest for
                  | the Orb.
     0 | D:1      | Reached XP level 1. HP: 13/13 MP: 1/1
    43 | D:1      | Reached XP level 2. HP: 10/18 MP: 2/2
   117 | D:1      | Got the Spellbook of the Volcano
   252 | D:1      | Found Yrobap's Distillery.
   288 | D:1      | Found Boheninn's Antique Armour Emporium.
   482 | D:1      | Found Qufe's Distillery.
   499 | D:1      | Reached XP level 3. HP: 23/23 MP: 3/3
  1152 | D:2      | Reached XP level 4. HP: 28/29 MP: 4/4
  2468 | D:3      | Found Lalaex's Jewellery Emporium.
  2573 | D:4      | Reached skill level 4 in Shapeshifting
  2804 | D:4      | Reached XP level 5. HP: 34/34 MP: 5/5
  3335 | D:5      | Entered Level 5 of the Dungeon
  3337 | D:5      | Noticed Duvessa
  3337 | D:5      | Noticed Dowan
  3468 | D:5      | Reached XP level 6. HP: 40/41 MP: 6/6
  3613 | D:5      | Noticed Sigmund
  3620 | D:5      | Killed Sigmund
  3621 | D:5      | Reached skill level 5 in Shapeshifting
  3624 | D:5      | Reached XP level 7. HP: 46/46 MP: 7/7
  3843 | D:5      | Killed Duvessa
  3845 | D:5      | Killed Dowan
  4052 | D:4      | Slain by a killer bee

Illustrated notes

Levels and vault maps discovered:
D:1:      dpeg_arrival_another_circle, layout_basic, serial_shops, shop, shop,
          nicolae_shop_trees
D:2:      layout_loops_corners, st_stairs_9, minmay_box_of_dots
D:3:      layout_loops_ring, serial_shops, shop, nrook_uturn,
          hangedman_abyss_or_decor_lesser_grid
D:4:      wander_river, layout_gridville, minmay_misc_feat_columns
D:5:      layout_cave_pools, minmay_temple_entry_nine_rooms, uniq_duvessa,
          uniq_crazy_yiuf_cottage, uniq_sigmund

Skill      XL: |  1  2  3  4  5  6  7 |
---------------+----------------------+-----
Fighting       | 2 3 |  3.6
Shapeshifting  | 4 5 |  5.8
Dodging        | 3 4 |  4.2
Unarmed Combat | 4 |  4.7

Action                     |  1- 3 |  4- 6 |  7- 9 || total
---------------------------+-------+-------+-------++-------
  Melee: Unarmed           |    74 |    95 |    37 ||   206
         Constrict         |    10 |    26 |     9 ||    45
         Tentacles         |    14 |    20 |     6 ||    40
         Punch             |       |     5 |     2 ||     7
    Use: Scroll            |     3 |     6 |       ||     9
         Potion            |       |     2 |     1 ||     3
   Stab: Sleeping          |     9 |    14 |       ||    23
         Distracted        |     1 |       |     2 ||     3
 Armour: Skin              |    24 |    37 |    23 ||    84
  Dodge: Dodged            |    45 |    41 |    26 ||   112
